cohdb
Replays
Latest Replays
All Replays
Popular Replays
Top Player Replays
Match Explorer
How It Works
Community
CoH3 Stats
Reddit
Sign in to upload your games and track your stats! →
Sign in with Steam
Match 39384423
Unlisted
Match 39384423
Overview
Messages
Build Orders
End
Selects Italian Coastal Battlegroup
Selects Coastal Reserves
Coastal Reserve
Kettenkrad Recon Vehicle
Coastal Reserve
Construct Infanterie Kompanie
GrW 34 Mortar Team
Coastal Reserve
Selects Artillery Officer
Infanterie Officer Quarters
Artillery Officer
Medical Bunker
Construct Panzergrenadier Kompanie
Support Elements
Coastal Reserve
Selects Support Bunkers
Selects Designated Artillery Overwatch
Construct Panzer Kompanie
Stoßtruppen Squad
Panzer Officer Quarters
Stoßtruppen Squad
Selects Obice da 210/22 Artillery Emplacement
Panzer IV Medium Tank
Designated Artillery Overwatch
Panzer IV Medium Tank
Designated Artillery Overwatch
Designated Artillery Overwatch
Pak 40 Anti-tank Gun Team
Panzer IV Medium Tank
Coastal Reserve
Medical Bunker
Sturmpanzer IV Brummbär
sarigom
qazxsw
Hollywood_969
XwX
『BlackBear』
ArtyNoob
Colonel Phreeze
Ryan
0
0
Comments
sign in to comment!
No comments posted yet!